[ AOE2 MATCH · #506821569 ]
UnrankedAztecs vs Koreans
Player's team · LOSS
Rival team · WIN
[ REPLAY ANALYSIS · EXTRACTED FROM THE RECORDED GAME ]
Feudal
11:23
Castle
15:38
Imperial
—
| APM avg | 92.4 |
| APM peak | 159 |
| eAPM avg | 44.4 |
| Villagers / military | 36 / 34 |
Focus
⚔️ 46.1% · 🌾 53.9%
Eagle Scout ×34
Feudal
8:43
Castle
—
Imperial
—
| APM avg | 53.9 |
| APM peak | 89 |
| eAPM avg | 22.5 |
| Villagers / military | 46 / 62 |
Focus
⚔️ 41.0% · 🌾 59.0%
Militia ×32 · Archer ×30
Match map
Initial resources + every placement click. Lines = walls · curves = elevation contours. ◆ gold · ⬟ stone · ● berries · ✦ relic · ◌ wall gap
Your base· ✓ Closed at 15:38 · 77t walls · no gate
_DY_孟川's base· Open — opponent sealed themselves in
Smoothed initial terrain · ◌ = detected wall gap · hover for details
Inputs per minute
— mongo - - _DY_孟川
Build order — mongo
135 actions detected in the replay
| 0:00 | Create | Villager (Male) |
| 0:01 | Build | House |
| 0:02 | Build | House |
| 0:11 | Create | Villager (Male) |
| 0:11 | Create | Villager (Male) |
| 0:17 | Create | Villager (Male) |
| 0:17 | Create | Villager (Male) |
| 1:35 | Create | Villager (Male) |
| 1:35 | Create | Villager (Male) |
| 1:56 | Create | Villager (Male) |
| 1:56 | Create | Villager (Male) |
| 2:12 | Create | Villager (Male) |
| 2:17 | Build | Lumber Camp |
| 2:49 | Create | Villager (Male) |
| 3:10 | Create | Villager (Male) |
| 3:13 | Create | Villager (Male) |
| 3:25 | Create | Villager (Male) |
| 4:03 | Build | House |
| 4:07 | Build | House |
| 4:22 | Create | Villager (Male) |
| 4:22 | Create | Villager (Male) |
| 4:57 | Create | Villager (Male) |
| 4:57 | Create | Villager (Male) |
| 4:57 | Create | Villager (Male) |
| 5:04 | Build | Mining Camp |
| 5:24 | Create | Villager (Male) |
| 5:24 | Create | Villager (Male) |
| 5:24 | Create | Villager (Male) |
| 5:28 | Build | House |
| 5:51 | Build | House |
| 6:36 | Build | Palisade Wall |
| 6:37 | Build | Palisade Wall |
| 7:01 | Build | Lumber Camp |
| 7:32 | Build | Mill |
| 7:33 | Create | Villager (Male) |
| 7:48 | Build | Palisade Wall |
| 7:48 | Build | Palisade Wall |
| 7:53 | Build | Palisade Wall |
| 7:58 | Create | Villager (Male) |
| 8:06 | Build | Palisade Wall |
| 8:07 | Build | Palisade Wall |
| 8:08 | Build | Palisade Wall |
| 8:12 | Build | Palisade Wall |
| 8:13 | Build | Palisade Wall |
| 8:13 | Build | Palisade Wall |
| 8:15 | Build | Palisade Wall |
| 8:21 | Create | Villager (Male) |
| 8:23 | Research | Loom |
| 8:24 | Create | Villager (Male) |
| 8:29 | Build | Palisade Wall |
| 8:30 | Build | Palisade Wall |
| 8:34 | Build | Palisade Wall |
| 8:40 | Build | Palisade Wall |
| 8:46 | Build | Palisade Wall |
| 8:47 | Build | Palisade Wall |
| 8:54 | Research | Feudal Age |
| 9:12 | Build | Palisade Wall |
| 9:13 | Build | Palisade Wall |
| 9:32 | Build | Palisade Wall |
| 9:32 | Build | Palisade Wall |
| 9:44 | Build | Palisade Wall |
| 10:04 | Build | Farm |
| 10:52 | Build | Farm |
| 10:52 | Build | Farm |
| 11:16 | Create | Villager (Male) |
| 11:17 | Create | Villager (Male) |
| 11:23 | Age | Feudal Age |
| 11:26 | Build | Market |
| 11:28 | Build | Blacksmith |
| 11:35 | Build | House |
| 12:36 | Build | Farm |
| 12:39 | Build | Farm |
| 12:58 | Research | Castle Age |
| 13:35 | Build | Barracks |
| 13:59 | Build | House |
| 14:05 | Build | Farm |
| 14:17 | Research | Scale Mail Armor |
| 14:21 | Create | Eagle Scout |
| 14:29 | Build | House |
| 14:54 | Build | Palisade Wall |
| 14:56 | Build | Palisade Wall |
| 14:57 | Build | Palisade Wall |
| 15:01 | Create | Eagle Scout |
| 15:03 | Research | Forging |
| 15:08 | Research | Double-Bit Axe |
| 15:09 | Research | Double-Bit Axe |
| 15:22 | Create | Villager (Male) |
| 15:36 | Create | Eagle Scout |
| 15:38 | Age | Castle Age |
| 15:47 | Research | Eagle Warrior (upgrade) |
| 16:06 | Build | Farm |
| 16:09 | Build | Farm |
| 16:10 | Create | Villager (Male) |
| 16:12 | Create | Eagle Scout |
| 16:13 | Create | Eagle Scout |
| 16:33 | Create | Eagle Scout |
| 16:40 | Create | Villager (Male) |
| 16:58 | Create | Villager (Male) |
| 17:03 | Build | Barracks |
| 17:21 | Build | House |
| 17:54 | Create | Eagle Scout |
| 17:54 | Create | Eagle Scout |
| 18:05 | Create | Villager (Male) |
| 18:05 | Create | Eagle Scout |
| 18:21 | Build | Barracks |
| 18:35 | Create | Eagle Scout |
| 18:41 | Create | Eagle Scout |
| 18:41 | Create | Eagle Scout |
| 18:53 | Create | Eagle Scout |
| 19:13 | Create | Eagle Scout |
| 19:14 | Create | Eagle Scout |
| 19:54 | Create | Villager (Male) |
| 20:24 | Create | Villager (Male) |
| 20:25 | Build | Farm |
| 20:55 | Create | Villager (Male) |
| 21:01 | Create | Eagle Scout |
| 21:01 | Create | Eagle Scout |
| 21:10 | Create | Eagle Scout |
| 21:17 | Create | Eagle Scout |
| 21:17 | Create | Eagle Scout |
| 21:17 | Create | Eagle Scout |
| 21:41 | Create | Eagle Scout |
| 21:41 | Create | Eagle Scout |
| 21:41 | Create | Eagle Scout |
| 21:55 | Build | Farm |
| 22:04 | Create | Eagle Scout |
| 22:04 | Create | Eagle Scout |
| 22:13 | Create | Eagle Scout |
| 22:13 | Create | Eagle Scout |
| 22:38 | Create | Eagle Scout |
| 22:55 | Create | Eagle Scout |
| 23:42 | Create | Eagle Scout |
| 23:42 | Create | Eagle Scout |
| 24:20 | Create | Eagle Scout |
| 24:20 | Create | Eagle Scout |
Build order — _DY_孟川
First 150 of 180 actions detected
| 0:01 | Create | Villager (Male) |
| 0:02 | Build | House |
| 0:03 | Build | House |
| 0:07 | Create | Villager (Male) |
| 0:07 | Create | Villager (Male) |
| 0:07 | Create | Villager (Male) |
| 1:25 | Create | Villager (Male) |
| 1:26 | Create | Villager (Male) |
| 1:51 | Build | Lumber Camp |
| 2:02 | Create | Villager (Male) |
| 2:13 | Create | Villager (Male) |
| 2:45 | Create | Villager (Male) |
| 3:00 | Create | Villager (Male) |
| 3:39 | Create | Villager (Male) |
| 4:00 | Create | Villager (Male) |
| 4:05 | Build | House |
| 4:40 | Create | Villager (Male) |
| 4:48 | Build | Mining Camp |
| 5:05 | Create | Villager (Male) |
| 5:31 | Create | Villager (Male) |
| 5:35 | Create | Villager (Male) |
| 5:48 | Build | Palisade Wall |
| 5:55 | Research | Loom |
| 6:33 | Research | Feudal Age |
| 6:41 | Build | Palisade Wall |
| 6:42 | Build | Palisade Wall |
| 6:42 | Build | Palisade Wall |
| 6:57 | Build | Palisade Wall |
| 6:59 | Build | Palisade Wall |
| 7:25 | Build | Barracks |
| 7:55 | Build | House |
| 8:19 | Create | Villager (Male) |
| 8:20 | Create | Villager (Male) |
| 8:43 | Age | Feudal Age |
| 8:47 | Build | Archery Range |
| 9:05 | Build | Blacksmith |
| 9:11 | Create | Villager (Male) |
| 9:13 | Create | Villager (Male) |
| 9:30 | Create | Archer |
| 9:43 | Create | Archer |
| 9:58 | Build | Mill |
| 10:16 | Create | Villager (Male) |
| 10:22 | Create | Archer |
| 10:44 | Build | House |
| 11:14 | Create | Villager (Male) |
| 11:17 | Build | House |
| 11:20 | Create | Archer |
| 11:30 | Research | Fletching |
| 11:52 | Create | Villager (Male) |
| 11:55 | Build | Farm |
| 11:57 | Build | Farm |
| 11:57 | Build | Farm |
| 12:02 | Build | House |
| 12:10 | Create | Villager (Male) |
| 12:20 | Create | Archer |
| 12:24 | Create | Villager (Male) |
| 12:39 | Build | Farm |
| 12:41 | Build | House |
| 12:42 | Create | Villager (Male) |
| 12:42 | Create | Villager (Male) |
| 12:53 | Create | Archer |
| 13:10 | Build | Watch Tower |
| 13:12 | Create | Villager (Male) |
| 13:15 | Build | Mining Camp |
| 13:19 | Create | Villager (Male) |
| 13:22 | Build | Farm |
| 13:28 | Create | Villager (Male) |
| 13:33 | Create | Archer |
| 13:44 | Create | Archer |
| 14:10 | Create | Villager (Male) |
| 14:10 | Create | Villager (Male) |
| 14:15 | Create | Archer |
| 14:17 | Build | House |
| 14:18 | Build | House |
| 14:53 | Build | Stone Wall |
| 14:53 | Build | Stone Wall |
| 14:58 | Build | Market |
| 14:59 | Create | Villager (Male) |
| 15:15 | Build | Watch Tower |
| 15:23 | Create | Archer |
| 15:30 | Create | Villager (Male) |
| 15:36 | Research | Man-at-Arms (upgrade) |
| 15:58 | Create | Villager (Male) |
| 16:11 | Build | Barracks |
| 16:15 | Create | Archer |
| 16:18 | Create | Militia |
| 16:18 | Create | Militia |
| 16:22 | Build | House |
| 16:32 | Create | Villager (Male) |
| 16:44 | Create | Militia |
| 16:54 | Build | Stone Wall |
| 16:56 | Create | Villager (Male) |
| 17:02 | Build | Farm |
| 17:13 | Build | Stone Wall |
| 17:14 | Build | Stone Wall |
| 17:23 | Build | Watch Tower |
| 17:26 | Create | Militia |
| 17:26 | Create | Militia |
| 17:27 | Build | House |
| 17:29 | Build | Palisade Wall |
| 17:33 | Build | Palisade Wall |
| 17:40 | Create | Villager (Male) |
| 17:48 | Create | Villager (Male) |
| 18:09 | Build | House |
| 18:16 | Create | Militia |
| 18:16 | Create | Militia |
| 18:20 | Build | Farm |
| 18:21 | Build | Farm |
| 18:28 | Create | Militia |
| 18:28 | Create | Militia |
| 18:31 | Build | Watch Tower |
| 18:40 | Build | Stone Wall |
| 18:42 | Build | Stone Wall |
| 18:43 | Build | Stone Wall |
| 18:44 | Build | Stone Wall |
| 18:46 | Build | Stone Wall |
| 18:50 | Create | Militia |
| 18:50 | Create | Militia |
| 18:58 | Build | Stone Wall |
| 19:16 | Create | Militia |
| 19:21 | Create | Archer |
| 19:21 | Create | Archer |
| 19:22 | Create | Archer |
| 19:22 | Create | Archer |
| 19:32 | Create | Militia |
| 19:33 | Create | Archer |
| 19:33 | Create | Archer |
| 19:34 | Create | Archer |
| 19:44 | Create | Villager (Male) |
| 19:54 | Build | Farm |
| 19:55 | Build | Farm |
| 19:56 | Create | Villager (Male) |
| 20:17 | Create | Militia |
| 20:17 | Create | Militia |
| 20:17 | Create | Militia |
| 20:27 | Create | Archer |
| 20:27 | Create | Archer |
| 20:30 | Create | Archer |
| 20:31 | Create | Archer |
| 20:33 | Build | Farm |
| 20:42 | Create | Militia |
| 20:55 | Create | Militia |
| 20:55 | Create | Militia |
| 21:00 | Create | Villager (Male) |
| 21:02 | Build | Farm |
| 21:06 | Build | Farm |
| 21:14 | Build | Farm |
| 21:21 | Create | Militia |
| 21:34 | Build | Farm |
| 21:36 | Build | Farm |
Match timeline
| 5:48 | _DY_孟川 · wall_segment Palisade Wall x4 |
| 6:36 | mongo · wall_segment Palisade Wall x1 |
| 6:37 | mongo · wall_segment Palisade Wall x7 |
| 6:41 | _DY_孟川 · wall_segment Palisade Wall x1 |
| 6:42 | _DY_孟川 · wall_segment Palisade Wall x1 |
| 6:42 | _DY_孟川 · wall_segment Palisade Wall x1 |
| 6:57 | _DY_孟川 · wall_segment Palisade Wall x4 |
| 6:59 | _DY_孟川 · wall_segment Palisade Wall x1 |
| 7:25 | _DY_孟川 · first_building Barracks |
| 7:48 | mongo · wall_segment Palisade Wall x1 |
| 7:48 | mongo · wall_segment Palisade Wall x1 |
| 7:53 | mongo · wall_segment Palisade Wall x8 |
| 8:06 | mongo · wall_segment Palisade Wall x1 |
| 8:07 | mongo · wall_segment Palisade Wall x1 |
| 8:08 | mongo · wall_segment Palisade Wall x1 |
| 8:12 | mongo · wall_segment Palisade Wall x1 |
| 8:13 | mongo · wall_segment Palisade Wall x1 |
| 8:13 | mongo · wall_segment Palisade Wall x1 |
| 8:15 | mongo · wall_segment Palisade Wall x8 |
| 8:29 | mongo · wall_segment Palisade Wall x1 |
| 8:30 | mongo · wall_segment Palisade Wall x9 |
| 8:34 | mongo · wall_segment Palisade Wall x1 |
| 8:40 | mongo · wall_segment Palisade Wall x10 |
| 8:43 | _DY_孟川 · age_up feudal |
| 8:46 | mongo · wall_segment Palisade Wall x1 |
| 8:47 | mongo · wall_segment Palisade Wall x9 |
| 8:47 | _DY_孟川 · first_building Archery Range |
| 9:12 | mongo · wall_segment Palisade Wall x1 |
| 9:13 | mongo · wall_segment Palisade Wall x1 |
| 9:32 | mongo · wall_segment Palisade Wall x1 |
| 9:32 | mongo · wall_segment Palisade Wall x1 |
| 9:44 | mongo · wall_segment Palisade Wall x3 |
| 11:23 | mongo · age_up feudal |
| 12:19 | mongo · first_market_sell 500 stone |
| 12:19 | mongo · first_market_buy 100 food |
| 13:35 | mongo · first_building Barracks |
| 14:53 | _DY_孟川 · wall_segment Stone Wall x1 |
| 14:53 | _DY_孟川 · wall_segment Stone Wall x1 |
| 14:54 | mongo · wall_segment Palisade Wall x5 |
| 14:56 | mongo · wall_segment Palisade Wall x1 |
| 14:57 | mongo · wall_segment Palisade Wall x2 |
| 15:38 | mongo · age_up castle |
| 16:54 | _DY_孟川 · wall_segment Stone Wall x1 |
| 17:13 | _DY_孟川 · wall_segment Stone Wall x1 |
| 17:14 | _DY_孟川 · wall_segment Stone Wall x1 |
| 17:29 | _DY_孟川 · wall_segment Palisade Wall x1 |
| 17:33 | _DY_孟川 · wall_segment Palisade Wall x1 |
| 18:40 | _DY_孟川 · wall_segment Stone Wall x1 |
| 18:42 | _DY_孟川 · wall_segment Stone Wall x1 |
| 18:43 | _DY_孟川 · wall_segment Stone Wall x1 |
| 18:44 | _DY_孟川 · wall_segment Stone Wall x1 |
| 18:46 | _DY_孟川 · wall_segment Stone Wall x5 |
| 18:58 | _DY_孟川 · wall_segment Stone Wall x1 |
| 24:53 | mongo · resign |
[ AI ANALYSIS · 1 CREDIT ]
What really happened in this match?
Wolo.gg analyzes every decision: build order, eco, micro, common mistakes by bracket. Personalized analysis on WhatsApp or Discord in 30 seconds.
Civ guide
Aztecs
Perfil
mongo